 Dungeon Crawl Stone Soup version 0.19.1 (webtiles) character file.

2311 JeffiDaFish the Basher (level 9, -6/56 HPs)
             Began as a Gargoyle Fighter on Dec 1, 2016.
             Was a Believer of Makhleb.
             Mangled by a hill giant
             ... wielding a +0 giant club
              (29 damage)
             ... on level 8 of the Dungeon.
             The game lasted 00:14:18 (6074 turns).

JeffiDaFish the Basher (Gargoyle Fighter)           Turns: 6074, Time: 00:14:19

Health: -6/56      AC: 22    Str: 20    XL:     9   Next: 41%
Magic:  8/8        EV:  7    Int:  8    God:    Makhleb [**....]
Gold:   416        SH: 10    Dex: 11    Spells: 0 memorised, 8 levels left

rFire  . . .     SeeInvis .     a - +6 flail
rCold  . . .     Gourm    .     i - +0 chain mail
rNeg   + + .     Faith    +     c - +0 shield
rPois  ∞         Spirit   .     B - +0 helmet
rElec  +         Reflect  .     n - +0 cloak
rCorr  .         Harm     .     (no gloves)
MR     .....                    (no boots)
Stlth  ..........               l - amulet of faith
                                D - ring of positive energy
                                C - +4 ring of protection

@: no status effects
A: low mp 1, negative energy resistance 1, electricity resistance, weak 1,
unbreathing, petrification resistance, rot immunity, sturdy frame 1, AC +5
a: Minor Destruction, Renounce Religion


You were on level 8 of the Dungeon.
You worshipped Makhleb.
Makhleb was pleased with you.
You were not hungry.

You visited 1 branch of the dungeon, and saw 8 of its levels.

You collected 416 gold pieces.

Inventory:

Hand Weapons
 a - a +6 flail (weapon)
Armour
 c - a +0 shield (worn)
 i - a +0 chain mail (worn)
 n - a +0 cloak (worn)
 B - a +0 helmet (worn)
Jewellery
 l - an amulet of faith (around neck)
 C - a +4 ring of protection (left hand)
 D - a ring of positive energy (right hand)
Scrolls
 b - 3 scrolls of recharging
 e - 9 scrolls of remove curse
 p - 2 scrolls of identify
 q - 4 scrolls of teleportation
 w - a scroll of fog
 y - 3 scrolls of amnesia
Potions
 d - a potion of might
 j - 2 potions of magic
 k - 2 potions of heal wounds
 m - 3 potions of agility
 x - 2 potions of haste
 z - a potion of curing
 A - 2 potions of invisibility
Books
 h - a book of Misfortune

   Spells                             Type                      Level
   a - Confusing Touch                Hexes                        1
   b - Confuse                        Hexes                        3
   c - Gell's Gravitas                Hexes/Translocation          3
   d - Petrify                        Transmutation/Earth          4
   e - Metabolic Englaciation         Hexes/Ice                    5
   f - Yara's Violent Unravelling     Hexes/Transmutation          5
 t - a book of Minor Magic

   Spells                             Type                      Level
   a - Magic Dart                     Conjuration                  1
   b - Blink                          Translocation                2
   c - Call Imp                       Summoning                    2
   d - Repel Missiles                 Charms/Air                   2
   e - Slow                           Hexes                        2
   f - Conjure Flame                  Conjuration/Fire             3
   g - Mephitic Cloud                 Conjuration/Poison/Air       3
Comestibles
 f - 6 bread rations
 g - 7 meat rations
 o - a chunk of flesh
 u - 2 slices of pizza
 v - 4 fruits


   Skills:
 + Level 6.4 Fighting
 + Level 8.1 Maces & Flails
 + Level 6.1 Armour
 + Level 1.9 Dodging
 + Level 1.0 Stealth
 + Level 7.1 Shields


You had 8 spell levels left.
You didn't know any spells.

Dungeon Overview and Level Annotations

Branches:
Dungeon (8/15)             Temple (0/1) D:7
   Lair: D:8-11

Altars:
Dithmenos
Gozag
Makhleb
Okawaru
Uskayaw
Zin


Innate Abilities, Weirdness & Mutations

You are resistant to torment.
Your stone body is resilient. (AC +5)
You are immune to poison.
You resist negative energy. (rN+)
You are resistant to electric shocks. (rElec)
You can survive without breathing.
You are immune to petrification.
You are immune to rotting.
Your magical capacity is low. (-10% MP)
You are weak. (Str -2)
Your movements are slightly less encumbered by armour. (ER -2)


Message History

The ogre closely misses you.
You hit the hill giant.
The hill giant is lightly wounded.
The hill giant hits you with a giant club!!
Ouch! That really hurt!
* * * LOW HITPOINT WARNING * * *
You block the ogre's attack.
You are too injured to fight recklessly!
You are too injured to fight recklessly!
You are too injured to fight recklessly!
You are too injured to fight recklessly!
You are too injured to fight recklessly!
You are too injured to fight recklessly!
You are too injured to fight recklessly!
Unknown command.
You are too injured to fight recklessly!
You feel much better.
The hill giant hits you with a giant club!!
Ouch! That really hurt!
You die...

.# .. ... .# ... . ....
.. .... ...# ## .....
#...# # .... #...## ...#
###.....# #..###@CO#
#.#...### #...### ..
...###...# .. ........##
# . .........### .#
..............### ..#
#..........##.>..###..##.
#..........#####.........


You could see a hill giant and an ogre.

Vanquished Creatures
  Eustachio (D:6)
  An orc warrior (D:7)
  2 sky beasts
  A phantom (D:5)
  3 ogres
  2 centaurs
  3 bullfrogs
  A scorpion (D:5)
  8 wights (D:7)
  2 crimson imps
  A jelly (D:7)
  An orc wizard (D:4)
  An orc priest (D:3)
  A hound (D:5)
  A centaur skeleton (D:4)
  2 iguanas
  Jessica (D:3)
  A bullfrog skeleton (D:7)
  Natasha (thrice) (D:2)
  6 worker ants
  A hound zombie (D:6)
  4 gnolls (D:3)
  7 adders
  2 shadow imps
  3 adder zombies
  2 oozes
  An adder skeleton (D:4)
  2 worms
  A dart slug (D:1)
  5 leopard geckos
  22 orcs
  3 giant cockroaches
  7 goblins
  5 hobgoblins
  11 jackals
  A quokka (D:4)
  A ball python (D:2)
  6 bats
  5 frilled lizards
  3 kobolds
  6 rats
140 creatures vanquished.

Notes
Turn   | Place    | Note
-------+----------+-------------------------------------------
     0 | D:1      | JeffiDaFish the Gargoyle Fighter began the quest for the Orb.
     0 | D:1      | Reached XP level 1. HP: 14/14 MP: 1/1
   140 | D:1      | Reached XP level 2. HP: 19/19 MP: 2/2
   351 | D:1      | Reached XP level 3. HP: 22/24 MP: 3/3
   836 | D:2      | Noticed Natasha
   849 | D:2      | Killed Natasha
   849 | D:2      | Reached XP level 4. HP: 4/29 MP: 4/4
  1130 | D:2      | Reached skill level 3 in Maces & Flails
  1242 | D:2      | Noticed Natasha
  1249 | D:2      | Killed Natasha
  1266 | D:2      | Reached XP level 5. HP: 26/34 MP: 5/5
  1440 | D:2      | Noticed Natasha
  1450 | D:2      | Killed Natasha
  2180 | D:3      | Reached skill level 4 in Maces & Flails
  2180 | D:3      | Reached XP level 6. HP: 35/39 MP: 6/6
  2224 | D:3      | Found a hide-covered altar of Uskayaw.
  2227 | D:3      | Found a burning altar of Makhleb.
  2237 | D:3      | Found an iron altar of Okawaru.
  2240 | D:3      | Became a worshipper of Makhleb the Destroyer
  2243 | D:3      | Found an opulent altar of Gozag.
  2247 | D:3      | Found a glowing silver altar of Zin.
  2514 | D:3      | Noticed Jessica
  2521 | D:3      | Killed Jessica
  3010 | D:4      | Reached * piety under Makhleb
  3074 | D:4      | Reached skill level 1 in Stealth
  3467 | D:4      | Reached XP level 7. HP: 44/44 MP: 7/7
  3578 | D:5      | Entered Level 5 of the Dungeon
  3610 | D:5      | Reached skill level 5 in Shields
  3637 | D:5      | Found a shadowy altar of Dithmenos.
  3663 | D:5      | Gained mutation: You are weak. (Str -2) [potion of mutation]
  3663 | D:5      | Gained mutation: Your magical capacity is low. (-10% MP) [potion of mutation]
  3663 | D:5      | Gained mutation: Your movements are slightly less encumbered by armour. (ER -2) [potion of mutation]
  3778 | D:5      | Reached skill level 5 in Maces & Flails
  3778 | D:5      | Reached skill level 1 in Dodging
  3810 | D:5      | Reached skill level 5 in Fighting
  4139 | D:5      | Reached skill level 6 in Maces & Flails
  4139 | D:5      | Reached XP level 8. HP: 49/49 MP: 7/7
  4787 | D:6      | Noticed Eustachio
  4802 | D:6      | Killed Eustachio
  4885 | D:6      | Reached skill level 7 in Maces & Flails
  4885 | D:6      | Reached skill level 5 in Armour
  5215 | D:7      | Reached ** piety under Makhleb
  5478 | D:7      | Reached XP level 9. HP: 40/55 MP: 8/8
  5510 | D:7      | Found a staircase to the Ecumenical Temple.
  5725 | D:7      | Reached skill level 8 in Maces & Flails
  6065 | D:8      | Noticed a hill giant
  6072 | D:8      | HP: 2/56 [hill giant/giant club (34)]
  6074 | D:8      | Mangled by a hill giant

Skill      XL: |  1  2  3  4  5  6  7  8  9 |
---------------+----------------------------+-----
Fighting       | 4 5 6 |  6.4
Maces & Flails | 3 4 6 7 8 |  8.1
Shields        | 4 5 6 7 |  7.1
Armour         | 4 5 6 |  6.1
Stealth        | 1 |  1.0
Dodging        | 1 |  1.9

Action                   |  1- 3 |  4- 6 |  7- 9 || total
-------------------------+-------+-------+-------++-------
Melee: Flail             |    98 |   203 |   277 ||   578
  Use: Scroll            |     8 |     3 |     6 ||    17
       Potion            |     6 |     4 |     3 ||    13
 Stab: Invisible         |       |     1 |       ||     1
  Eat: Chunk             |       |     9 |     7 ||    16
       Royal jelly       |       |       |     1 ||     1
Armor: Scale mail        |    18 |       |       ||    18
       Chain mail        |    45 |   129 |   169 ||   343
Dodge: Dodged            |    30 |    47 |    96 ||   173
Block: Shield            |    61 |   110 |   145 ||   316
